 Dungeon Crawl Stone Soup version 0.31-a0-523-g071a6c1ffa (webtiles) character file.

Game seed: 15324917401552578306

95 benadryl the Ruffian (level 4, -5/33 HPs)
             Began as a Demonspawn Shapeshifter on Aug 11, 2023.
             Killed by an exploding Terence (24 damage)
             ... ignited by their inner flame
             ... on level 2 of the Dungeon.
             The game lasted 00:02:33 (1851 turns).

benadryl the Ruffian (Demonspawn Shapeshifter)      Turns: 1851, Time: 00:02:33

Health: -5/33      AC:  3    Str: 17    XL:     4   Next: 39%
Magic:  4/4        EV: 12    Int: 10    God:
Gold:   74         SH:  4    Dex: 15    Spells: 3/3 levels left

rFire   . .          .
                       - Unarmed
rCold   . . .        (no shield)
rNeg    . . .        a - +1 animal skin
rPois   .            (helmet currently unavailable)
rElec   +            (cloak currently unavailable)
rCorr   .            (gloves currently unavailable)
SInv    +            (boots currently unavailable)
Will    .....        (no amulet) Stlth
                     n - ring "Plog" {rElec Dex+2 SInv Stlth-}
HPRegen 0.25/turn    (no ring)
MPRegen 0.09/turn

%: no passive effects
@: beast-form, invisible
A: beast (slay +1), large bone plates 1, powered by death 1
a: Begin Untransformation


You were on level 2 of the Dungeon.
You were a hulking beast.
You visited 1 branch of the dungeon, and saw 2 of its levels.

You collected 74 gold pieces.

Inventory:

Missiles
 h - 5 poisoned darts (quivered)
Armour
 a - a +1 animal skin (worn)
Jewellery
 n - the ring "Plog" (left hand) {rElec Dex+2 SInv Stlth-}
   (You found it on level 2 of the Dungeon)

   [ring of see invisible]

   Dex+2:     It affects your dexterity (+2).
   rElec:     It insulates you from electricity.
   SInv:      It lets you see invisible.
   Stlth-:    It makes you less stealthy.
Talismans
 c - a beast talisman (active)
 d - a flux talisman
Potions
 b - a potion of lignification
 e - a potion of curing {unknown}
 f - a potion of heal wounds
 k - a potion of haste {unknown}


   Skills:
 - Level 2.2 Fighting
 - Level 1.7 Dodging
 * Level 4.3 Unarmed Combat
 - Level 2.6 Shapeshifting


You had 3 spell levels left.
You didn't know any spells.
Your spell library contained the following spells:

 Spells                   Type           Power      Damage    Failure   Level
 Sandblast                Erth           0%         2d4       36%         1
 Passwall                 Tmut/Erth      0%         N/A       50%         2
 Stone Arrow              Conj/Erth      0%         3d7       75%         3


Dungeon Overview and Level Annotations

Branches:
Dungeon (2/15)

Altars:


Innate Abilities, Weirdness & Mutations

You are a hulking beast.
Your limbs bulge with bestial killing power. (Slay +1)
You are partially covered in large bone plates. (SH +4)
You regenerate a little health from kills.


Message History

You convulse.
As you read the scroll labelled HOJEBL UXEA, it crumbles to dust.
The creatures around you are filled with an inner flame!
It was a scroll of immolation.
Terence hits you with a +3 mace of holy wrath.
You convulse.
* * * LOW HITPOINT WARNING * * *
Okay, then.
It was a potion of heal wounds.
You feel much better. Terence barely misses you.
As you read the scroll labelled UNETAL GIG FUARPH, it crumbles to dust.
It is a scroll of enchant weapon.
You aren't carrying any weapons that can be enchanted.
You block Terence's attack.
As you read the scroll labelled KON AGITHOYJUU, it crumbles to dust.
You feel aware of your surroundings.
It was a scroll of revelation.
Terence hits you with a +3 mace of holy wrath!
You convulse.
As you read the scroll labelled JAR HAENUVA, it crumbles to dust.
It is a scroll of enchant armour.
Your +0 animal skin glows green for a moment.
Terence hits you with a +3 mace of holy wrath!
You convulse.
You feel much better. You block Terence's attack.
It was a potion of invisibility.
You fade into invisibility!
You block Terence's attack.
You catch the helpless Terence completely off-guard!
You hit Terence.
Flame seeps out of Terence.
Terence is lightly wounded.
Terence is engulfed in blazing flames.
Flame seeps out of Terence.
Terence hits you with a +3 mace of holy wrath!
You convulse.
You barely miss Terence.
Terence is severely wounded.
Terence is engulfed in blazing flames.
Terence explodes!
The fiery explosion engulfs you!!
Ouch! That really hurt!
You die...

###############
###############
###############
####
###########.#######
...#
#.........h.#######
##.#
#.#########○#######
#.####.#
#######§#######
#.#....#
#######.#######
#.#.####
#######.#######
#.#.#
#######'#######
##.#.#
#####....######
...#.#
#####....######
#..#.#
#####....######


There were no monsters in sight!

Vanquished Creatures
  Terence (D:2)
  5 adders (D:2)
  A worm (D:2)
  A dart slug (D:2)
  3 giant cockroaches (D:2)
  7 goblins
  4 hobgoblins
  2 jackals (D:1)
  2 quokkas
  6 ball pythons
  6 bats
  3 kobolds
  3 rats
44 creatures vanquished.

Notes
Turn   | Place    | Note
-------+----------+-------------------------------------------
     0 | D:1      | benadryl the Demonspawn Shapeshifter began the quest for
                  | the Orb.
     0 | D:1      | Reached XP level 1. HP: 15/15 MP: 1/1
   152 | D:1      | Reached skill level 3 in Unarmed Combat
   348 | D:1      | Gained mutation: You are partially covered in large bone
                  | plates. (SH +4) [demonic ancestry]
   348 | D:1      | Reached XP level 2. HP: 21/21 MP: 2/2
   917 | D:2      | Reached XP level 3. HP: 24/27 MP: 3/3
  1263 | D:2      | Reached skill level 4 in Unarmed Combat
  1355 | D:2      | Gained mutation: You regenerate a little health from kills.
                  | [demonic ancestry]
  1355 | D:2      | Reached XP level 4. HP: 32/33 MP: 4/4
  1820 | D:2      | Identified the ring "Plog" {rElec Dex+2 SInv Stlth-}
  1834 | D:2      | Noticed Terence
  1851 | D:2      | Killed Terence
  1851 | D:2      | Killed by an exploding Terence... ignited by their inner
                  | flame

Illustrated notes

Levels and vault maps discovered:
D:1:      dpeg_chamrin_arrival_tetris, layout_basic
D:2:      minmay_general_purpose_star, layout_basic, uniq_terence

Skill      XL: |  1  2  3 |
---------------+----------+-----
Unarmed Combat | 3 4 |  4.3
Fighting       | 2 |  2.2
Dodging        | |  1.7
Shapeshifting  | |  2.6

Action                     |  1- 3 |  4- 6 || total
---------------------------+-------+-------++-------
  Melee: Unarmed           |   104 |    36 ||   140
         Punch             |     5 |     2 ||     7
  Throw: Dart              |       |     2 ||     2
    Use: Potion            |     1 |     3 ||     4
         Scroll            |       |     4 ||     4
   Stab: Sleeping          |     1 |       ||     1
         Invisible         |       |     1 ||     1
 Armour: Animal skin       |    20 |     5 ||    25
         Skin              |     6 |       ||     6
  Dodge: Dodged            |    54 |    12 ||    66
  Block: Other             |    12 |     7 ||    19

Table legend: (Time is in decaauts)
 A = Elapsed time spent in this place.
 B = Non-inter-level travel time spent in this place.
 C = Inter-level travel time spent in this place.
 D = Time resting spent in this place.
 E = Time spent auto-exploring this place.
 F = Levels seen in this place.
 G = Mean time per level.
                   A        B        C        D        E       F      G
               +--------+--------+--------+--------+--------+-----+--------+
         Total |   1841 |   1819 |     22 |    432 |   1135 |   2 |  920.5 |
       Dungeon |   1841 |   1819 |     22 |    432 |   1135 |   2 |  920.5 |
               +--------+--------+--------+--------+--------+-----+--------+

Top non-repeatable levels by time:
     D:2: 953 daAuts
     D:1: 887 daAuts
